Description

Get as much supply as possible before the 7 min mark using this build order.

VOD

https://www.youtube.com/watch?v=oEBm0miByOs

Replay - Harstem Beat a Pro Gamer Supply Challenge 1

Build Order

Get SALT Encoding   

  12  0:00  Probe  
  13  0:13  Probe  
  14  0:18  Pylon  
  14  0:25  Probe  
  15  0:37  Probe (Chrono Boost)  
  15  0:40  Gateway  
  16  0:47  Probe x2 (Chrono Boost)  
  16  0:49  Assimilator  
  18  1:03  Probe  
  19  1:15  Probe  
  20  1:25  Nexus  
  20  1:32  Cybernetics Core  
  20  1:35  Probe  
  21  1:41  Assimilator  
  21  1:47  Probe  
  21  1:51  Pylon  
  23  2:06  Adept (Chrono Boost)  
  26  2:20  Stargate  
  26  2:29  Adept  
  29  2:37  Warp Gate  
  35  3:01  Oracle (Chrono Boost)  
  40  3:06  Gateway  
  40  3:12  Pylon  
  42  3:24  Adept  
  45  3:33  Oracle (Chrono Boost)  
  46  3:39  Pylon  
  51  3:52  Nexus  
  52  3:56  Pylon  
  54  4:06  Robotics Facility  
  54  4:12  Assimilator x2  
  56  4:21  Forge  
  56  4:22  Twilight Council  
  58  4:32  Sentry, Zealot  
  63  4:41  Shield Battery  
  67  4:53  Protoss Ground Weapons Level 1 (Chrono Boost), Observer  
  68  5:03  Charge  
  71  5:07  Gateway x2  
  72  5:18  Gateway x2  
  76  5:28  Assimilator x2  
  78  5:36  Templar Archives  
  82  5:51  Gateway x2  
  84  6:00  Gateway, Warp Prism (Chrono Boost)  
  86  6:13  High Templar x4  
  86  6:16  Zealot x2  
  86  6:18  Archon x2  
  99  6:40  High Templar x2  
  99  6:44  Nexus  
  99  6:45  Zealot x6  
  111  6:47  Archon  
  111  6:52  Protoss Ground Weapons Level 2  
  115  6:55  Zealot  
  119  7:27  Immortal (Chrono Boost)  
  124  7:30  Phoenix (Chrono Boost)  
  124  7:33  High Templar x4  
  141  7:38  Shield Battery  
  141  7:39  Photon Cannon x2  
  142  7:45  Archon x2  
  140  7:55  Forge  
  144  7:59  Immortal (Chrono Boost)  
  144  8:00  Unknown  
  154  8:14  Archon  
  154  8:31  Immortal  
Spawning Tool Build Advisor. Get it on Overwolf

Go to:

Details

  • Created by: frostwolftm
  • Published on: Aug 02, 2020
  • Modified on: Aug 05, 2020
  • Patch: 4.11.0
  • Difficulty: Medium
Show
View Real Time Build Order
Export as new Build Order

Comments (5)

On Aug. 6, 2020, 5:15 p.m., janpol8  said:

It does if you disable the “Filter later steps” option (learned this recently).

On Aug. 6, 2020, 7:55 a.m., frostwolftm  said:

After 4 minutes spawning tool doesnt export the pylon timing.

On Aug. 5, 2020, 5:38 p.m., janpol8  said:

There is a step missing, a pylon at 4:45/65 supply (after the Shield Battery). Without this pylon you should hit a massive supply block when you try to warp in your first group of High Templar.

On Aug. 5, 2020, 10:44 a.m., frostwolftm  said:

You are right, i just uploaded this for myself, but this is more precise this way.

On Aug. 4, 2020, 9:17 a.m., GuitarKing  said:

this is a PvZ guide, he just played it against a protoss AI.

Create an account to comment!